 Dungeon Crawl Stone Soup version 0.28.0 (webtiles) character file.

Game seed: 7577534712253697373

190 horus123 the Magician (level 6, 0/40 HPs)
             Began as a Djinni Hedge Wizard on Feb 6, 2022.
             Killed by nerve-wracking pain
             ... invoked by Grinder
              (2 damage)
             ... on level 3 of the Dungeon.
             The game lasted 00:09:25 (3300 turns).

horus123 the Magician (Djinni Hedge Wizard)         Turns: 3300, Time: 00:09:26

Health: 0/40       AC:  6    Str:  8 (9)  XL:     6   Next: 1%
Gold:   138        EV: 12    Int: 16 (17) God:
                   SH:  0    Dex: 10 (13)

rFire   + + +      SeeInvis .   a - +0 dagger
rCold   . . .      Faith    .   (no shield)
rNeg    . . .      Spirit   .   b - +0 robe
rPois   ∞          Reflect  .   c - +1 hat
rElec   .          Harm     .   g - scarf {rC+ rF+}
rCorr   .          Rampage  .   e - +2 pair of gloves
Will    .....                   (boots unavailable)
Stlth   ++........              (no amulet)
HPRegen 0.13/turn               (no ring)
MPRegen 0.00/turn               (no ring)

@: flying
A: sickness immunity, fire resistance 2, cold vulnerability 1, float, innate
caster, HP casting, extra vitality 1
a: no special abilities


You were on level 3 of the Dungeon.
You visited 1 branch of the dungeon, and saw 3 of its levels.

You collected 138 gold pieces.

Inventory:

Hand Weapons
 a - a +0 dagger (weapon)
Armour
 b - a +0 robe (worn)
 c - a +1 hat (worn)
 e - a +2 pair of gloves (worn)
 g - a scarf of resistance (worn)
Wands
 i - a wand of flame (15)
Scrolls
 h - a scroll of teleportation
 k - a scroll of identify {unknown}
Potions
 f - a potion of lignification {unknown}
 j - a potion of attraction {unknown}


   Skills:
 - Level 2.1 Dodging
 - Level 1.5 Stealth
 + Level 4.8 Spellcasting


You couldn't memorise any spells.
You knew the following spells:

 Your Spells              Type           Power      Damage    Failure   Level
a - Magic Dart            Conj           76%        1d6       2%          1
b - Blink                 Tloc           38%        N/A       3%          2
c - Call Imp              Summ           19%        N/A       3%          2
d - Slow                  Hex            76%        N/A       2%          1
e - Conjure Flame         Conj/Fire      19%        6-21      6%          3
f - Mephitic Cloud        Conj/Pois/Air  19%        N/A       6%          3
g - Apportation           Tloc           38%        N/A       2%          1
h - Ensorcelled Hibernat  Hex/Ice        38%        N/A       3%          2
Your spell library was empty.

Dungeon Overview and Level Annotations

Branches:
Dungeon (3/15)

Altars:

Shops:
D:2 *!*:

Annotations:
D:3 1 runed translucent door, Crazy Yiuf, Grinder


Innate Abilities, Weirdness & Mutations

You are immune to sickness and miasma.
You are immune to poison.
Your flesh is very heat resistant. (rF++)
You are vulnerable to cold. (rC-)
You float through the air rather than walking.
You learn spells naturally, not from books.
Your magical power is your life essence.
You have superior vitality. (+4 MHP)


Message History

The magic dart hits the orc.
The orc is severely wounded.
The orc closely misses you.
Aiming: Magic Dart (safe; 1% risk of failure)
Press: ? - help, Q - select action, (/) - cycle Shift-Dir - straight line, f/p - orc
Aim: an orc, wielding a +0 mace (severely wounded, 100% to hit)
The magic dart hits the orc.
The orc is almost dead.
The orc hits you with a +0 mace.
* * * LOW HITPOINT WARNING * * *
Aiming: Magic Dart (safe; 1% risk of failure)
Press: ? - help, Q - select action, (/) - cycle Shift-Dir - straight line, f/p - orc
Aim: an orc, wielding a +0 mace (almost dead, 100% to hit)
The magic dart hits the orc.
You kill the orc!
* * * LOW HITPOINT WARNING * * *
Grinder barely misses you.
Things that are here:
a +0 mace; an orc corpse
Things that are here:
a +0 club; a +0 flail; a gnoll corpse Grinder gestures at you.
You suddenly lose the ability to move!
Grinder hits you but does no damage. Grinder hits you!
* * * LOW HITPOINT WARNING * * *
You writhe in agony.
* * * LOW HITPOINT WARNING * * *
Grinder gestures at you. You resist with some effort. Grinder gestures at you.
You resist with some effort.
Grinder blinks!
You can move again.
It was a potion of degeneration.
There was something very wrong with that liquid.
You feel weakened.
You feel dopey.
You feel clumsy. Grinder gestures at you. Pain shoots through your body!
You die...

♣♣.♣ #... #.5# ♣.♣♣ #... #).#
♣♣.♣♣ #..# ####..# ♣..P♣♣ #..#
#.).g.# #.# ♣PP..♣ #..# #
#.###.########.# #....# #..#.#
#.# #..........# #....####....#
#.# #..........#
##...##.#.######.###.#.######.#
##.###.#.)5)..@....###.# #.#
#.....########.###.#.## #.#
#####.# ##.####.## #<# #.#
#...# ### #)# #.# #...# #.# #.#
#...# #.# #.# ##.## #.# #.# #.#
###)# #.# #.# #...#


You could see Grinder.

Vanquished Creatures
  Jessica (D:2)
  Natasha (thrice) (D:2)
  4 gnolls (D:3)
  An adder (D:3)
  A dart slug (D:1)
  4 orcs (D:3)
  3 ball pythons (D:1)
  4 bats
  3 endoplasms
  A giant cockroach (D:1)
  2 goblins (D:1)
  3 hobgoblins
  2 jackals (D:3)
  A kobold (D:1)
  A quokka (D:3)
  3 frilled lizards (D:1)
  2 rats (D:1)
39 creatures vanquished.

Notes
Turn   | Place    | Note
-------+----------+-------------------------------------------
     0 | D:1      | horus123 the Djinni Hedge Wizard began the quest for the
                  | Orb.
     0 | D:1      | Reached XP level 1. HP: 15/15 MP: 0/0
   244 | D:1      | Reached XP level 2. HP: 15/21 MP: 0/0
   526 | D:1      | Reached skill level 3 in Spellcasting
  1230 | D:1      | Found a faded altar of an unknown god.
  1255 | D:1      | Reached XP level 3. HP: 20/25 MP: 0/0
  1255 | D:1      | Learned a level 1 spell: Apportation
  1487 | D:2      | Noticed Jessica
  1496 | D:2      | Killed Jessica
  1497 | D:2      | Reached XP level 4. HP: 7/31 MP: 0/0
  1789 | D:2      | Noticed Natasha
  1795 | D:2      | Killed Natasha
  1904 | D:2      | Found Hustya's Book Shoppe.
  1905 | D:2      | Found Xuupoan's Assorted Antiques.
  1935 | D:2      | Found Igoev's Distillery.
  2031 | D:2      | Found Qonisot's Assorted Antiques.
  2333 | D:2      | Noticed Natasha
  2339 | D:2      | Killed Natasha
  2340 | D:2      | Reached skill level 4 in Spellcasting
  2340 | D:2      | Reached XP level 5. HP: 24/35 MP: 0/0
  2340 | D:2      | Learned a level 2 spell: Ensorcelled Hibernation
  2359 | D:2      | Noticed Natasha
  2362 | D:2      | Killed Natasha
  3171 | D:3      | Found a runed translucent door.
  3172 | D:3      | Noticed Crazy Yiuf
  3247 | D:3      | Noticed Grinder
  3276 | D:3      | Reached XP level 6. HP: 17/40 MP: 0/0
  3277 | D:3      | Paralysed by Grinder for 7 turns
  3293 | D:3      | Paralysed by Grinder for 7 turns
  3296 | D:3      | HP: 1/40 [Grinder (3)]
  3300 | D:3      | Killed from afar by Grinder

Illustrated notes

Levels and vault maps discovered:
D:1:      shiori_shiawase, layout_basic, shapermc_ecumenical_altar_acropolis,
          minmay_misc_feat_alley
D:2:      layout_loops_ring, serial_shops, shop, shop, nicolae_shop_stone,
          nicolae_square_shop, uniq_jessica, uniq_natasha
D:3:      layout_loops_ring, kennysheep_generic_room_3, uniq_crazy_yiuf_cottage,
          uniq_grinder

Skill      XL: |  1  2  3  4 |
---------------+-------------+-----
Spellcasting   | 3 4 |  4.8
Dodging        | |  2.1
Stealth        | |  1.5

Action                   |  1- 3 |  4- 6 || total
-------------------------+-------+-------++-------
 Cast: Magic Dart        |    57 |    73 ||   130
       Mephitic Cloud    |       |     2 ||     2
       Conjure Flame     |       |     1 ||     1
Evoke: Wand              |       |     4 ||     4
  Use: Scroll            |       |     7 ||     7
       Potion            |       |     1 ||     1
Armor: Robe              |     3 |    10 ||    13
Dodge: Dodged            |     3 |    23 ||    26
